 Dungeon Crawl Stone Soup version 0.26-a0-771-g060e6a62af (webtiles) character file.

Game seed: 16657140086938088317

2965 Descartes the Covert (level 9, -1/37 HPs)
             Began as a Felid Monk on Nov 8, 2020.
             Was an Elder of Elyvilon.
             Killed by divine providence
             ... invoked by an orc priest
              (13 damage)
             ... on level 8 of the Dungeon.
             The game lasted 00:18:50 (9249 turns).

Descartes the Covert (Felid Monk)                   Turns: 9249, Time: 00:18:50

Health: -1/37      AC:  5    Str: 16    XL:     9   Next: 52%
Magic:  10/10      EV: 27    Int: 12    God:    Elyvilon [****..]
Gold:   288        SH:  9    Dex: 18    Spells: 8/8 levels left
                                        Lives:  0   Deaths: 2

rFire    . . .     SeeInvis +     - Unarmed
rCold    . . .     Faith    .   (shield unavailable)
rNeg     . . .     Spirit   .   (armour unavailable)
rPois    +         Reflect  +   (helmet unavailable)
rElec    .         Harm     .   (cloak unavailable)
rCorr    .         Rampage  .   (gloves unavailable)
MR       +....                  (boots unavailable)
Stlth    ++++++....             a - amulet of reflection
HPRegen  0.12/turn              w - +6 ring of strength
MPRegen  0.12/turn              v - ring of poison resistance

@: quick
A: very small, no armour, no weapons or thrown items, stealth, claws 1, fangs 3,
horns 1, large bone plates 1, molten scales 2, see invisible, speed 1, shaggy
fur 2, evolution 1, sharp paws
a: Lesser Healing, Heal Other, Purification, Greater Healing, Divine Protection,
Renounce Religion


You were on level 8 of the Dungeon.
You worshipped Elyvilon.
Elyvilon was greatly pleased with you.
You visited 2 branches of the dungeon, and saw 9 of its levels.

You collected 429 gold pieces.
You spent 141 gold pieces at shops.

Inventory:

Missiles
 d - 235 stones
 g - 214 arrows
Jewellery
 a - an amulet of reflection (around neck)
 o - an uncursed ring of protection from fire
 v - a ring of poison resistance (right paw)
 w - a +6 ring of strength (left paw)
 x - an uncursed amulet of regeneration
Scrolls
 b - a scroll of magic mapping {unknown}
 c - 2 scrolls of teleportation
 e - a scroll of enchant weapon {unknown}
 f - 6 scrolls of remove curse
 i - a scroll of amnesia {unknown}
 l - 3 scrolls of fear {unknown}
 q - a scroll of blinking {unknown}
 u - a scroll of holy word {unknown}
Potions
 h - 3 potions of magic
 j - a potion of invisibility
 k - 4 potions of curing
 m - 2 potions of might
 n - 2 potions of lignification
 p - 2 potions of mutation
 r - a potion of flight {unknown}
 s - a potion of resistance {unknown}
 z - 2 potions of attraction


   Skills:
 - Level 3.0 Fighting
 + Level 10.3 Dodging
 * Level 14.2 Stealth
 - Level 6.1 Unarmed Combat


You had 8 spell levels left.
You didn't know any spells.
Your spell library contained the following spells:

 Spells                   Type           Power        Failure   Level
 Foxfire                  Conj/Fire      #...         32%         1
 Conjure Flame            Conj/Fire      #.......     69%         3
 Inner Flame              Hex/Fire       #.......     69%         3
 Sticky Flame             Conj/Fire      #.......     97%         4
 Fireball                 Conj/Fire      #.........   100%        5


Dungeon Overview and Level Annotations

Branches:
Dungeon (8/15)             Temple (1/1) D:4
   Lair: D:8-11

Altars:
Ashenzari
Cheibriados
Dithmenos
Elyvilon
Fedhas
Gozag
Hepliaklqana
Makhleb
Nemelex Xobeh
Okawaru
Qazlal
Ru
Sif Muna
Trog
Uskayaw
Vehumet
Wu Jian
Xom
Yredelemnul
Zin
The Shining One

Shops:
D:5 [*([   D:7 (*   D:8 *

Annotations:
D:5 Edmund


Innate Abilities, Weirdness & Mutations

You cannot wear armour.
You are incapable of wielding weapons or throwing items.
Your paws allow you to move quietly. (Stealth)
You have sharp claws.
You have razor-sharp teeth.
You have supernaturally acute eyesight. (SInv)
You cover ground quickly.
You are covered in thick fur. (AC +2)
Your sharp claws are effective at attacking unaware monsters.
You have a pair of small horns on your head.
You are partially covered in large bone plates. (SH +4)
You are mostly covered in molten scales. (AC +3)
You evolve.


Message History

A yak comes into view.
You are too injured to fight recklessly!
You are too injured to fight recklessly!
The bullfrog closely misses you. The orc closely misses you.
The yak moves out of view.
The orc wizard gestures wildly while chanting.
The orc wizard seems to speed up.
The orc wizard casts a spell.
The orc wizard blinks!
The bullfrog closely misses you.
The orc wizard points at you and mumbles some strange words.
The magic dart hits you.
The orc wizard gestures wildly while chanting.
The orc wizard blinks!
The orc priest looks encouraged for a moment.
The orc wizard casts a spell.
The orc wizard blinks!
The orc priest calls down the wrath of Beogh upon you.
Beogh smites you!
You die...

..#....#...#...#
..#.......##............
..#.......##.............
..........##.............
...###....####..........
............##........#
.......##.#+##........# Y.
.......##.............##### .Z.
................@Fh§......# .Y..
....................Yh....###....
............##.......oYY.....Y.##
............##...................
............##......o.ho.........
.......##+#.#......#.....†....[..
.#........#.#......#.....†.......
.##.......#.#....................
.##......<#.#........###.........


You could see 3 yaks, a bullfrog, an orc priest, an orc wizard (fast), an orc
and 3 jackals.

Vanquished Creatures
  Pikel (D:5)
  Sigmund (D:3)
  Menkaure (D:5)
  2 sky beasts (D:7)
  An ice beast (D:7)
  2 phantoms
  2 orc warriors
  4 ogres
  4 centaurs
  A lemure (D:5)
  2 bullfrogs
  4 wights (D:6)
  A jelly (D:4)
  2 orc priests
  4 hounds
  Crazy Yiuf (D:7)
  A centaur skeleton (D:4)
  2 bullfrog skeletons
  2 iguanas
  6 orc wizards
  3 worker ants
  A hound zombie (D:6)
  A worker ant zombie (D:5)
  Robin (D:2)
  12 adders
  2 shadow imps
  2 white imps
  3 ufetubi
  3 oozes (D:1)
  A worm (D:3)
  4 leopard geckos
  20 orcs
  7 bats
  4 giant cockroaches
  16 goblins
  9 hobgoblins
  20 jackals
  11 kobolds
  3 quokkas
  2 ball pythons
  6 frilled lizards
  2 giant cockroach zombies (D:5)
  A leopard gecko zombie (D:6)
  2 quokka zombies (D:7)
  8 rats
188 creatures vanquished.

Vanquished Creatures (others)
  A worm (D:3)
  A frilled lizard (D:3)
  2 fungi (D:5)
  2 plants (D:5)
6 creatures vanquished.

Grand Total: 194 creatures vanquished

Notes
Turn   | Place    | Note
-------+----------+-------------------------------------------
     0 | D:1      | Descartes the Felid Monk began the quest for the Orb.
     0 | D:1      | Reached XP level 1. HP: 10/10 MP: 2/2
    96 | D:1      | Reached skill level 3 in Stealth
   117 | D:1      | Reached XP level 2. HP: 14/14 MP: 3/3
   273 | D:1      | Reached skill level 4 in Stealth
   332 | D:1      | Reached XP level 3. HP: 17/17 MP: 4/4
  1471 | D:2      | Reached skill level 5 in Stealth
  1471 | D:2      | Reached XP level 4. HP: 8/21 MP: 5/5
  1781 | D:2      | Slain by an orc
  1782 | D:2      | Reached XP level 3. HP: 0/17 MP: 4/4
  1791 | D:2      | Reached skill level 5 in Dodging
  1843 | D:2      | Reached XP level 4. HP: 11/21 MP: 5/5
  2202 | D:3      | Noticed Sigmund
  2206 | D:3      | Killed Sigmund
  2206 | D:3      | Reached skill level 6 in Stealth
  2206 | D:3      | Reached XP level 5. HP: 24/24 MP: 6/6
  2262 | D:3      | Found a basalt altar of Yredelemnul.
  2275 | D:3      | Found a glowing golden altar of the Shining One.
  2372 | D:3      | Reached skill level 7 in Stealth
  2399 | D:3      | Gained mutation: You are covered in thick fur. (AC +2)
                  | [Felid growth]
  2399 | D:3      | Reached XP level 6. HP: 21/28 MP: 7/7
  2537 | D:3      | Noticed Robin
  2929 | D:2      | Killed Robin
  3059 | D:3      | Noticed an angel
  3065 | D:3      | Noticed a profane servitor
  3493 | D:4      | Found a shadowy altar of Dithmenos.
  3662 | D:3      | Reached skill level 8 in Stealth
  3839 | D:4      | Found a staircase to the Ecumenical Temple.
  3962 | Temple   | Entered the Ecumenical Temple
  4047 | Temple   | Became a worshipper of Elyvilon the Healer
  4047 | Temple   | Reached * piety under Elyvilon
  4047 | Temple   | Reached ** piety under Elyvilon
  4309 | D:5      | Entered Level 5 of the Dungeon
  4309 | D:5      | Found Idujamun's Armour Shop.
  4311 | D:5      | Noticed Pikel
  4343 | D:4      | Reached XP level 7. HP: 17/31 MP: 8/8
  4399 | D:5      | Found Asan's General Store.
  4472 | D:5      | Found a white marble altar of Elyvilon.
  4479 | D:4      | Splashed by a jelly's acid
  4480 | D:4      | Reached XP level 6. HP: -6/28 MP: 7/7
  4843 | D:5      | Found a blossoming altar of Fedhas.
  4846 | D:5      | Found a stormy altar of Qazlal.
  4881 | D:5      | Reached skill level 5 in Unarmed Combat
  5521 | D:5      | Killed Pikel
  5521 | D:5      | Reached skill level 10 in Stealth
  5521 | D:5      | Reached XP level 7. HP: 2/31 MP: 4/8
  6008 | D:5      | Reached XP level 8. HP: 26/34 MP: 9/9
  6128 | D:5      | Noticed Menkaure
  6129 | D:5      | Noticed Edmund
  6565 | D:5      | Gained mutation: Your magical capacity is low. (-10% MP)
                  | [potion of mutation]
  6565 | D:5      | Gained mutation: You have a pair of small horns on your
                  | head. [potion of mutation]
  6639 | D:5      | Killed Menkaure
  6639 | D:5      | Reached skill level 11 in Stealth
  6643 | D:5      | Found Sysal's Armour Shoppe.
  6657 | D:5      | Found Zinubiuw's Antique Weapon Emporium.
  6966 | D:6      | Lost mutation: Your magical capacity is low. (-10% MP)
                  | [potion of mutation]
  6966 | D:6      | Lost mutation: You have a pair of small horns on your head.
                  | [potion of mutation]
  6966 | D:6      | Gained mutation: You are partially covered in large bone
                  | plates. (SH +4) [potion of mutation]
  6966 | D:6      | Gained mutation: You evolve. [potion of mutation]
  6966 | D:6      | Gained mutation: You are partially covered in molten
                  | scales. (AC +2) [potion of mutation]
  6966 | D:6      | Gained mutation: You are mostly covered in molten scales.
                  | (AC +3) [potion of mutation]
  7199 | D:6      | Reached *** piety under Elyvilon
  7210 | D:6      | Reached skill level 12 in Stealth
  7706 | D:7      | Found Ruxt's General Store.
  7990 | D:7      | Reached XP level 9. HP: 30/37 MP: 10/10
  8254 | D:7      | Found a runed translucent door.
  8255 | D:7      | Noticed Crazy Yiuf
  8304 | D:7      | Gained mutation: You have a pair of small horns on your
                  | head. [evolution]
  8357 | D:7      | Reached skill level 13 in Stealth
  8584 | D:7      | Found Faitu's Antique Weapon Shoppe.
  8714 | D:7      | Reached **** piety under Elyvilon
  8861 | D:7      | Killed Crazy Yiuf
  8861 | D:7      | Reached skill level 10 in Dodging
  8953 | D:8      | Found Zeexesoe's Assorted Antiques.
  8961 | D:8      | Reached skill level 14 in Stealth
  9067 | D:8      | Bought 2 murky yellow potions for 57 gold pieces
  9067 | D:8      | Bought a fuming golden potion for 28 gold pieces
  9067 | D:8      | Bought a scroll labeled PODWUX ZYBB for 32 gold pieces
  9093 | D:7      | Bought a scroll of identify for 24 gold pieces
  9249 | D:8      | Killed from afar by an orc priest

Illustrated notes

Levels and vault maps discovered:
D:1:      lightli_arrival_chessboard, layout_rooms,
          chequers_serial_rivers_large_a
D:2:      layout_rooms, minmay_pentomino_z2
D:3:      layout_rooms, grunt_temple_overflow_holy_war, uniq_sigmund, uniq_robin
D:4:      layout_cave_pools, grunt_dithmenos_smoke_and_mirrors, temple_doors_e,
          minmay_tree_intersection, minmay_distorted
D:5:      layout_basic, grunt_temple_overflow_forces_of_nature, serial_shops,
          nicolae_shop_crystal, nicolae_shop_temple_entry_statues_fountains,
          shop, shop, basic_altar, uniq_edmund, uniq_menkaure, uniq_pikel
D:6:      layout_cave_pods, patterned_corridor
D:7:      layout_basic, serial_shops, nicolae_shop_behind_doors, shop,
          uniq_crazy_yiuf_cottage
D:8:      layout_basic, kennysheep_vampire_church, serial_shops,
          nicolae_shop_overgrown_old_shop, st_stairs_12
Temple:   eino_temple_scatter_basement

Skill      XL: |  1  2  3  4  5  6  7  8  9 |
---------------+----------------------------+-----
Stealth        | 3 4 5 6 7 10 12 14 | 14.2
Dodging        | 5 7 9 10 | 10.3
Unarmed Combat | 4 5 6 |  6.1
Fighting       | |  3.0

Action                   |  1- 3 |  4- 6 |  7- 9 || total
-------------------------+-------+-------+-------++-------
Melee: Unarmed           |   138 |   299 |   242 ||   679
       Bite              |     8 |    33 |    22 ||    63
       Punch             |     4 |     6 |     8 ||    18
       Headbutt          |       |       |    18 ||    18
Invok: Lesser Healing    |       |     6 |     1 ||     7
  Use: Scroll            |       |     5 |     6 ||    11
       Potion            |       |     1 |     2 ||     3
 Stab: Sleeping          |     4 |    16 |    27 ||    47
       Distracted        |       |     1 |     2 ||     3
Armor: Skin              |     4 |    14 |     7 ||    25
Dodge: Dodged            |    93 |   241 |   139 ||   473
Block: Other             |    12 |    83 |    58 ||   153
       Reflection        |       |     3 |       ||     3

Table legend: (Time is in decaauts)
 A = Elapsed time spent in this place.
 B = Non-inter-level travel time spent in this place.
 C = Inter-level travel time spent in this place.
 D = Time resting spent in this place.
 E = Time spent auto-exploring this place.
 F = Levels seen in this place.
 G = Mean time per level.
                   A        B        C        D        E       F      G
               +--------+--------+--------+--------+--------+-----+--------+
         Total |   8281 |   7969 |    312 |    448 |   5736 |   9 |  920.1 |
       Dungeon |   8129 |   7830 |    299 |    448 |   5605 |   8 | 1016.1 |
        Temple |    152 |    139 |     13 |      0 |    130 |   1 |  152.0 |
               +--------+--------+--------+--------+--------+-----+--------+

Top non-repeatable levels by time:
     D:4: 1504 daAuts
     D:5: 1480 daAuts
     D:2: 1410 daAuts
     D:7: 968 daAuts
     D:6: 894 daAuts
     D:3: 811 daAuts
     D:1: 775 daAuts
     D:8: 283 daAuts
  Temple: 152 daAuts
